Construct Weapon Support Center
Selects Advanced Infantry Battlegroup
M3 Armored Personnel Carrier
Selects Convert to Ranger Squad
Selects Frontline Medical Station
Frontline Medical Station
M3 Armored Personnel Carrier
Selects Ammunition Storage
Selects M2A1 105mm Howitzer Emplacement
Selects 155mm Rapid Artillery Barrage
155mm Rapid Artillery Barrage
Selects Ranger Weapon Training
155mm Rapid Artillery Barrage